 Dungeon Crawl Stone Soup version 0.22-a0-160-gcc81d7a (webtiles) character file.

26 theanonym the Skirmisher (level 2, -2/24 HPs)
             Began as a Mummy Chaos Knight on Feb 10, 2018.
             Slain by a hobgoblin
             ... wielding a +0 club
              (3 damage)
             ... on level 1 of the Dungeon.
             The game lasted 00:00:49 (340 turns).

theanonym the Skirmisher (Mummy Chaos Knight)        Turns: 340, Time: 00:00:51

Health: -2/24      AC:  5    Str: 15    XL:     2   Next: 89%
Magic:  2/2        EV: 11    Int: 11    God:
Gold:   9          SH:  0    Dex: 11    Spells: 1/1 levels left

rFire    x . .     SeeInvis .   a - +0 hand axe (chaos)
rCold    + . .     Gourm    .   (no shield)
rNeg     + + +     Faith    +   b - +2 leather armour
rPois    ∞         Spirit   .   (no helmet)
rElec    .         Reflect  .   (no cloak)
rCorr    .         Harm     .   (no gloves)
MR       .....                  (no boots)
Stlth    +.........             e - amulet of faith
HPRegen  0.08/turn              (no ring)
MPRegen  0.08/turn              (no ring)

@: no status effects
A: no food or potions, fire vulnerability, cold resistance 1, negative energy
resistance 3, torment resistance, unbreathing
a: no special abilities


Innate Abilities, Weirdness & Mutations

You do not eat or drink.
Your flesh is vulnerable to fire.
You are immune to poison.
Your flesh is cold resistant. (rC+)
You are immune to negative energy. (rN+++)
You are immune to unholy pain and torment.
You can survive without breathing.


   Skills:
 + Level 3.3 Fighting
 * Level 3.1 Axes
 - Level 1.5 Armour
 - Level 0.7 Dodging


You had one spell level left.
You didn't know any spells.

Skill      XL: |  1  2 |
---------------+-------+-----
Axes           | 3 |  3.1
Fighting       | |  3.3
Armour         | |  1.5
Dodging        | |  0.7

Action                   || total
-------------------------++-------
Melee: Hand axe          ||    55
Invok: Renounce Religion ||     1
 Stab: Sleeping          ||     1
Armor: Leather armour    ||    31
Dodge: Dodged            ||    31

Inventory:

Hand Weapons
 a - a +0 hand axe of chaos (weapon)
Armour
 b - a +2 leather armour (worn)
Jewellery
 e - an amulet of faith (around neck)
   (You found it on level 1 of the Dungeon)
Scrolls
 c - a scroll of immolation {unknown}
 d - a scroll of teleportation {unknown}


You were on level 1 of the Dungeon.
You were not hungry.

You visited 1 branch of the dungeon, and saw 1 of its levels.

You collected 9 gold pieces.

Dungeon Overview and Level Annotations

Branches:
Dungeon (1/15)

Altars:

#.###..#.#
##.....†......
#.##.....###
####.###.....
.............#######.#
.....
#.#..#...###.....##..#
.... . )...###.....
...##.##..... ###.#
.########.##(...#
..#... ..
.....(..(..###
8.#.##..########....##
..#.# # #.....@##..#
8.+.# #..?..{.#.....
..# #.......#.#####
8.# #.....#.#.# ..#
#..... .#.# ### #.....
...# ###... .. ..##
#..


There were no monsters in sight!

Notes
Turn   | Place    | Note
-------+----------+-------------------------------------------
     0 | D:1      | theanonym the Mummy Chaos Knight began the quest for the Orb.
     0 | D:1      | Reached XP level 1. HP: 18/18 MP: 1/1
     0 | D:1      | Fell from the grace of Xom
    32 | D:1      | Reached XP level 2. HP: 22/24 MP: 2/2
    46 | D:1      | HP: 12/24 [dart slug/slug dart (6)]
   221 | D:1      | Reached skill level 3 in Axes
   334 | D:1      | HP: 10/24 [something (4)]
   338 | D:1      | HP: 2/24 [something (4)]
   340 | D:1      | Slain by a hobgoblin

Vanquished Creatures
  A dart slug (D:1)
  2 leopard geckos (D:1)
  A giant cockroach (D:1)
  3 goblins (D:1)
  2 hobgoblins (D:1)
  A jackal (D:1)
  3 kobolds (D:1)
  5 bats (D:1)
  A frilled lizard (D:1)
  A rat (D:1)
20 creatures vanquished.

Table legend:
 A = Turns spent in this place as a percentage of turns spent in the entire game.
 B = Non-inter-level travel turns spent in this place as a percentage of non-inter-level travel turns spent in the entire game.
 C = Inter-level travel turns spent in this place as a percentage of turns spent in this place.
 D = Turns resting spent in this place as a percentage of non-inter-level travel turns spent in this place.
 E = Turns spent auto-exploring this place as a percentage of non-inter-level travel turns spent in this place.
 F = Non-inter-level travel turns spent in this place divided by the number of levels of this place that you've seen.
                   A       B       C       D       E      F
               +-------+-------+-------+-------+-------+----------------------
         Total | 100.0 | 100.0 |   0.0 |  47.4 |  22.6 | 340.0
       Dungeon | 100.0 | 100.0 |   0.0 |  47.4 |  22.6 | 340.0
               +-------+-------+-------+-------+-------+----------------------
